3164 views
Uploaded 2020-05-23 15:29:10
Game version 1.32.4 / 1.32.5
12:51 long 1on1 custom game on (2)LastRefuge
Game name "W3Champions-20-52837"
Saved by Wraith
3164 views
Uploaded 2020-05-23 15:29:10
Game version 1.32.4 / 1.32.5
12:51 long 1on1 custom game on (2)LastRefuge
Game name "W3Champions-20-52837"

32 units @ 4.6k
/ 0.4k
15 buildings @ 1.7k
/ 0.6k


| Scroll of Regeneration | 3 | 300 |
| Ivory Tower | 2 | 80 |
| Scroll of Healing | 1 | 250 |
| Scroll of Town Portal | 1 | 350 |
| Potion of Lesser Invulnerability | 2 | 300 |
| total: | 9 | 1280g |
| Peasant | 8 | 600 | / | 0 |
| Footman | 7 | 945 | / | 0 |
| Rifleman | 11 | 2255 | / | 330 |
| Priest | 6 | 810 | / | 60 |
| total: | 32 | 4610g | / | 390w |
| Guard Tower | 2 | 140 | / | 100 |
| Altar of Kings | 1 | 180 | / | 50 |
| Farm | 8 | 640 | / | 160 |
| Barracks | 1 | 160 | / | 60 |
| Arcane Vault | 1 | 130 | / | 30 |
| Blacksmith | 2 | 280 | / | 120 |
| Lumber Mill | 1 | 120 | / | 0 |
| Arcane Sanctum | 1 | 150 | / | 140 |
| Keep | 1 | 320 | / | 210 |
| total: | 15 | 1660g | / | 560w |
| 0:01 | Peasant |
| 0:01 | Peasant |
| 0:04 | Altar of Kings |
| 0:21 | Farm |
| 0:23 | Barracks |
| 0:28 | Peasant |
| 0:35 | Peasant |
| 1:00 | Farm |
| 1:04 | Peasant |
| 1:07 | Peasant |
| 1:24 | Footman |
| 1:25 | Peasant |
| 1:40 | Footman |
| 1:43 | Peasant |
| 2:08 | Summon Water Elemental |
| 2:30 | Footman |
| 2:37 | Footman |
| 2:44 | Keep |
| 2:46 | Footman |
| 3:52 | Footman |
| 4:10 | Arcane Vault |
| 4:13 | Farm |
| 4:17 | Brilliance Aura |
| 4:25 | Farm |
| 4:30 | Blacksmith |
| 4:32 | Blacksmith |
| 4:45 | Footman |
| 4:56 | Scroll of Regeneration |
| 5:19 | Rifleman |
| 5:20 | Rifleman |
| 5:59 | Rifleman |
| 6:03 | Storm Bolt |
| 6:18 | Rifleman |
| 6:22 | Farm |
| 6:25 | Farm |
| 6:32 | Scroll of Regeneration |
| 6:46 | Black Gunpowder |
| 6:49 | Long Rifles |
| 6:52 | Farm |
| 7:02 | Arcane Sanctum |
| 7:24 | Rifleman |
| 7:51 | Brilliance Aura |
| 7:54 | Rifleman |
| 8:20 | Priest |
| 8:20 | Priest |
| 8:28 | Thunder Clap |
| 8:36 | Rifleman |
| 8:37 | Priest |
| 8:41 | Scroll of Healing |
| 8:48 | Potion of Lesser Invulnerability |
| 10:26 | Rifleman |
| 10:26 | Priest |
| 10:28 | Scroll of Regeneration |
| 10:32 | Ivory Tower |
| 10:32 | Ivory Tower |
| 10:37 | Scroll of Town Portal |
| 10:41 | Lumber Mill |
| 10:48 | Storm Bolt |
| 10:57 | Rifleman |
| 10:57 | Priest |
| 11:00 | Farm |
| 11:05 | Potion of Lesser Invulnerability |
| 12:05 | Guard Tower |
| 12:39 | Guard Tower |
| 12:40 | Rifleman |
| 12:41 | Rifleman |
| 12:41 | Priest |
| Right click | 653 |
| Select group | 241 |
| Select | 207 |
| Build/train/purchase | 76 |
| Assign group | 35 |
| Use ability | 9 |
| Chat | 8 |
| Item give/drop | 4 |
| Remove unit | 3 |
| Misc. action | 2 |
29 units @ 3.3k
/ 0.6k
11 buildings @ 1.8k
/ 0.7k


| Staff of Preservation | 1 | 150 |
| Moonstone | 2 | 100 |
| Potion of Healing | 1 | 150 |
| Boots of Speed | 1 | 250 |
| Potion of Lesser Invulnerability | 1 | 150 |
| total: | 6 | 800g |
| Wisp | 11 | 660 | / | 0 |
| Archer | 10 | 1300 | / | 100 |
| Dryad | 6 | 870 | / | 360 |
| Druid of the Claw | 2 | 510 | / | 160 |
| total: | 29 | 3340g | / | 620w |
| Altar of Elders | 1 | 180 | / | 50 |
| Moon Well | 5 | 900 | / | 200 |
| Ancient of War | 1 | 150 | / | 60 |
| Hunter's Hall | 1 | 210 | / | 100 |
| Ancient of Wonders | 1 | 90 | / | 30 |
| Ancient of Lore | 2 | 310 | / | 290 |
| Tree of Ages | 1 | 320 | / | 180 |
| Tree of Eternity | 1 | 330 | / | 200 |
| total: | 11 | 1840g | / | 730w |
| 0:03 | Altar of Elders |
| 0:04 | Wisp |
| 0:09 | Moon Well |
| 0:18 | Wisp |
| 0:30 | Wisp |
| 0:37 | Ancient of War |
| 0:40 | Wisp |
| 1:11 | Wisp |
| 1:24 | Wisp |
| 1:40 | Archer |
| 1:44 | Wisp |
| 2:07 | Archer |
| 2:10 | Mana Burn |
| 2:19 | Moon Well |
| 3:46 | Archer |
| 4:02 | Archer |
| 4:04 | Wisp |
| 4:04 | Wisp |
| 4:20 | Hunter's Hall |
| 4:41 | Archer |
| 4:43 | Tree of Ages |
| 4:47 | Moon Well |
| 4:55 | Archer |
| 5:01 | Evasion |
| 5:05 | Archer |
| 5:19 | Ancient of Wonders |
| 6:13 | Archer |
| 6:41 | Boots of Speed |
| 6:51 | Archer |
| 7:03 | Wisp |
| 7:03 | Wisp |
| 7:06 | Ancient of Lore |
| 7:08 | Ancient of Lore |
| 7:27 | Archer |
| 7:57 | Potion of Lesser Invulnerability |
| 7:58 | Mana Burn |
| 8:09 | Trueshot Aura |
| 8:24 | Dryad |
| 8:26 | Tree of Eternity |
| 8:27 | Dryad |
| 8:43 | Staff of Preservation |
| 8:43 | Moonstone |
| 8:56 | Moon Well |
| 9:30 | Druid of the Claw Adept Training |
| 9:30 | Dryad |
| 9:30 | Dryad |
| 10:11 | Dryad |
| 10:11 | Dryad |
| 10:41 | Moon Well |
| 10:45 | Moonstone |
| 10:58 | Druid of the Claw Master Training |
| 10:58 | Druid of the Claw |
| 11:30 | Potion of Healing |
| 11:46 | Druid of the Claw |
| 12:21 | Searing Arrows |
| Right click | 495 |
| Select | 262 |
| Misc. action | 108 |
| Select group | 107 |
| Build/train/purchase | 55 |
| Use ability | 30 |
| Assign group | 28 |
| Chat | 8 |
| Remove unit | 2 |